EVO
RICE UNIVERSITY OWLS @ UNIVERSITY OF TORONTO MARLIES
11/18/2047
 
TOP OF THE 1ST
Rice University Owls batting - Pitching for Fresno State University Bulldogs : LHP Randy Latendresse
Pitching: LHP Randy Latendresse
Batting: SHB Yu-hsui Lew 0-0: Called Strike
0-1: Ground out U3 (Groundball, 3, EV 77.5 MPH)
Batting: LHB Eddie Lemus 0-0: Ball
1-0: Ball
2-0: Foul Ball, location: 2F
2-1: Fly out, F6 (Flyball, 6MD, EV 88.8 MPH)
Batting: RHB Yu-zeng Mai 0-0: Ground out 5-3 (Groundball, 56, EV 88.8 MPH)
Top of the 1st over - 0 runs, 0 hits, 0 errors, 0 left on base; Rice University 0 - Fresno State University 0
BOTTOM OF THE 1ST
Fresno State University Bulldogs batting - Pitching for Rice University Owls : LHP Melvin Ontiveros
Pitching: LHP Melvin Ontiveros
Batting: RHB Jaquan Brown 0-0: Fly out, F8 (Flyball, 8LD, EV 108.8 MPH)
Batting: RHB Dou-wan Pan 0-0: Called Strike
0-1: Ball
1-1: Swinging Strike
1-2: Ball
2-2: Strikes out swinging, 2-3 out at first.
Batting: RHB John Carpenter 0-0: Ball
1-0: Foul Ball, location: 2F
1-1: Ball
2-1: Swinging Strike
2-2: Foul Ball, location: 2F
2-2: Strikes out swinging
Bottom of the 1st over - 0 runs, 0 hits, 0 errors, 0 left on base; Rice University 0 - Fresno State University 0
TOP OF THE 2ND
Rice University Owls batting - Pitching for Fresno State University Bulldogs : LHP Randy Latendresse
Batting: RHB Adrian Quilantan 0-0: Ball
1-0: Fly out, F8 (Flyball, 8LM, EV 90.0 MPH)
Batting: RHB Alex Ruybalid 0-0: Called Strike
0-1: SINGLE (Line Drive, 8LS, EV 104.4 MPH)
Batting: RHB Russ Kennett 0-0: Called Strike
0-1: Called Strike
Alex Ruybalid steals 2nd base
0-2: Foul Ball, location: 2F
0-2: Foul Ball, location: 2F
0-2: Ball
1-2: Fly out, F7 (Flyball, 7, EV 88.8 MPH)
Batting: SHB Roderick Speed 0-0: Called Strike
0-1: Ball
1-1: Fly out, F9 (Flyball, 9S, EV 79.4 MPH)
Top of the 2nd over - 0 runs, 1 hit, 0 errors, 1 left on base; Rice University 0 - Fresno State University 0
BOTTOM OF THE 2ND
Fresno State University Bulldogs batting - Pitching for Rice University Owls : LHP Melvin Ontiveros
Batting: RHB Adam Angeles 0-0: DOUBLE (Line Drive, 89D, EV 108.1 MPH)
Batting: RHB Pete Goerge 0-0: Called Strike
0-1: Foul Ball, location: 2F
0-2: SINGLE (Flyball, 8LS, EV 93.1 MPH)
Adam Angeles to third
Batting: LHB Kevin Feldman 0-0: Ball
1-0: Ball
2-0: Ball
3-0: Base on Balls
Pete Goerge to second
Batting: RHB Javier Brizuela 0-0: Ball
1-0: Foul Ball, location: 2F
1-1: Fly out, F8 (Flyball, 8LD, EV 87.5 MPH)
Runner from 3rd tags up, SCORES, throw by CF
Pete Goerge to third
Batting: LHB Troy Jones 0-0: Fielders Choice at 2nd, 5-4 (Groundball, 56, EV 76.9 MPH)
Pete Goerge scores
Batting: RHB Xin Zhang 0-0: Ball
1-0: Ball
2-0: Called Strike
2-1: Called Strike
2-2: Strikes out swinging
Bottom of the 2nd over - 2 runs, 2 hits, 0 errors, 1 left on base; Rice University 0 - Fresno State University 2
TOP OF THE 3RD
Rice University Owls batting - Pitching for Fresno State University Bulldogs : LHP Randy Latendresse
Batting: RHB Carlos Saldivar 0-0: Ground out 6-3 (Groundball, 6, EV 81.2 MPH)
Batting: RHB Alex Valadez 0-0: Called Strike
0-1: SOLO HOME RUN (Line Drive, 78XD, EV 109.4 MPH), Distance : 409 ft
Batting: SHB Yu-hsui Lew 0-0: Called Strike
0-1: Ball
1-1: Swinging Strike
1-2: Ball
2-2: Strikes out swinging
Batting: LHB Eddie Lemus 0-0: Called Strike
0-1: Called Strike
0-2: Ball
1-2: Fly out, F7 (Line Drive, 7LM, EV 85.6 MPH)
Top of the 3rd over - 1 run, 1 hit, 0 errors, 0 left on base; Rice University 1 - Fresno State University 2
BOTTOM OF THE 3RD
Fresno State University Bulldogs batting - Pitching for Rice University Owls : LHP Melvin Ontiveros
Batting: RHB Jaquan Brown 0-0: Called Strike
0-1: Foul Ball, location: 2F
0-2: Ground out 6-3 (Groundball, 6, EV 84.4 MPH)
Batting: RHB Dou-wan Pan 0-0: Ball
1-0: Ball
2-0: Ball
3-0: Called Strike
3-1: Ground out 1-3 (Groundball, 13, EV 71.2 MPH)
Batting: RHB John Carpenter 0-0: Called Strike
0-1: Ball
1-1: Called Strike
1-2: Foul Ball, location: 2F
1-2: Strikes out looking
Bottom of the 3rd over - 0 runs, 0 hits, 0 errors, 0 left on base; Rice University 1 - Fresno State University 2
TOP OF THE 4TH
Rice University Owls batting - Pitching for Fresno State University Bulldogs : LHP Randy Latendresse
Batting: RHB Yu-zeng Mai 0-0: Ball
1-0: Swinging Strike
1-1: Foul Ball, location: 2F
1-2: Foul Ball, location: 2F
1-2: Strikes out looking
Batting: RHB Adrian Quilantan 0-0: Swinging Strike
0-1: Swinging Strike
0-2: Ball
1-2: Strikes out swinging
Batting: RHB Alex Ruybalid 0-0: Swinging Strike
0-1: Foul Ball, location: 2F
0-2: Strikes out swinging
Top of the 4th over - 0 runs, 0 hits, 0 errors, 0 left on base; Rice University 1 - Fresno State University 2
BOTTOM OF THE 4TH
Fresno State University Bulldogs batting - Pitching for Rice University Owls : LHP Melvin Ontiveros
Batting: RHB Adam Angeles 0-0: Swinging Strike
0-1: Ball
1-1: Swinging Strike
1-2: Foul Ball, location: 2F
1-2: Ball
2-2: Foul Ball, location: 2F
2-2: Ball
3-2: Strikes out swinging
Batting: RHB Pete Goerge 0-0: Called Strike
0-1: SINGLE (Groundball, 4M, EV 104.4 MPH)
Batting: LHB Kevin Feldman 0-0: Ball
1-0: Ball
2-0: Called Strike
2-1: Foul Ball, location: 2F
2-2: Strikes out swinging
Batting: RHB Javier Brizuela 0-0: Ball
1-0: Ball
2-0: Called Strike
2-1: Ball
3-1: Base on Balls
Pete Goerge to second
Batting: LHB Troy Jones 0-0: Ball
1-0: Ball
2-0: Fielders Choice at 2nd, 5-4 (Groundball, 5, EV 88.8 MPH)
Bottom of the 4th over - 0 runs, 1 hit, 0 errors, 2 left on base; Rice University 1 - Fresno State University 2
TOP OF THE 5TH
Rice University Owls batting - Pitching for Fresno State University Bulldogs : LHP Randy Latendresse
Batting: RHB Russ Kennett 0-0: Ball
1-0: SINGLE (Line Drive, 7S, EV 102.5 MPH)
Batting: SHB Roderick Speed 0-0: Sac Bunt to 15S - play at first, batter OUT! 1-3
Russ Kennett to second
Batting: RHB Carlos Saldivar 0-0: Foul Ball, location: 2F
0-1: Fly out, F9 (Line Drive, 9, EV 92.5 MPH)
Batting: RHB Alex Valadez 0-0: Ball
1-0: Swinging Strike
1-1: Ground out 4-3 (Groundball, 4, EV 97.5 MPH)
Top of the 5th over - 0 runs, 1 hit, 0 errors, 1 left on base; Rice University 1 - Fresno State University 2
BOTTOM OF THE 5TH
Fresno State University Bulldogs batting - Pitching for Rice University Owls : LHP Melvin Ontiveros
Batting: RHB Xin Zhang 0-0: Swinging Strike
0-1: Swinging Strike
0-2: Ball
1-2: Strikes out swinging
Batting: RHB Jaquan Brown 0-0: Foul Ball, location: 2F
0-1: Ball
1-1: Ball
2-1: Foul Ball, location: 2F
2-2: Ground out U3 (Groundball, 3, EV 103.8 MPH)
Batting: RHB Dou-wan Pan 0-0: Ground out 5-3 (Groundball, 5L, EV 76.9 MPH)
Bottom of the 5th over - 0 runs, 0 hits, 0 errors, 0 left on base; Rice University 1 - Fresno State University 2
TOP OF THE 6TH
Rice University Owls batting - Pitching for Fresno State University Bulldogs : LHP Randy Latendresse
Batting: SHB Yu-hsui Lew 0-0: Ball
1-0: Ball
2-0: Ball
3-0: Base on Balls
Batting: LHB Eddie Lemus 0-0: DOUBLE (Flyball, 78D, EV 107.5 MPH)
Yu-hsui Lew to third
Batting: RHB Yu-zeng Mai 0-0: Ball
1-0: Ball
2-0: Swinging Strike
2-1: Ball
3-1: Base on Balls
Batting: RHB Adrian Quilantan 0-0: Called Strike
0-1: SINGLE (Flyball, 8LS, EV 90.6 MPH)
Yu-hsui Lew scores
Eddie Lemus to third
Yu-zeng Mai to second
Batting: RHB Alex Ruybalid 0-0: Ball
1-0: Called Strike
1-1: Ball
2-1: Fly out, F7 (Flyball, 7LSF, EV 87.5 MPH)
Batting: RHB Russ Kennett 0-0: Fly out, F7 (Line Drive, 7, EV 85.0 MPH)
Runner from 3rd tags up, OUT at HOME! 7-2
Top of the 6th over - 1 run, 2 hits, 0 errors, 2 left on base; Rice University 2 - Fresno State University 2
BOTTOM OF THE 6TH
Fresno State University Bulldogs batting - Pitching for Rice University Owls : LHP Melvin Ontiveros
Batting: RHB John Carpenter 0-0: Called Strike
0-1: Ball
1-1: Called Strike
1-2: Ball
2-2: Fly out, F8 (Line Drive, 8RD, EV 97.5 MPH)
Pitching: LHP Killian Wellman
Batting: RHB Adam Angeles 0-0: Ball
1-0: Ball
2-0: Called Strike
2-1: Foul Ball, location: 2F
2-2: Ball
3-2: Strikes out swinging
Batting: RHB Pete Goerge 0-0: Foul Ball, location: 2F
0-1: Foul Ball, location: 2F
0-2: Strikes out looking
Bottom of the 6th over - 0 runs, 0 hits, 0 errors, 0 left on base; Rice University 2 - Fresno State University 2
TOP OF THE 7TH
Rice University Owls batting - Pitching for Fresno State University Bulldogs : LHP Randy Latendresse
Batting: SHB Roderick Speed 0-0: Ball
1-0: Ball
2-0: Ball
3-0: Base on Balls
Batting: RHB Carlos Saldivar 0-0: Foul Ball, location: 2F
0-1: Fly out, F3 (Popup, 3F, EV 76.2 MPH)
Batting: RHB Alex Valadez 0-0: Foul Ball, location: 2F
0-1: Ball
Wild Pitch!
Roderick Speed to second
1-1: Ground out U3 (Groundball, 34, EV 110.6 MPH)
Roderick Speed to third
Batting: SHB Yu-hsui Lew 0-0: Called Strike
0-1: Ball
1-1: Ground out 6-3 (Groundball, 6, EV 79.4 MPH)
Top of the 7th over - 0 runs, 0 hits, 0 errors, 1 left on base; Rice University 2 - Fresno State University 2
BOTTOM OF THE 7TH
Fresno State University Bulldogs batting - Pitching for Rice University Owls : LHP Killian Wellman
Pinch Hitting: LHB Chris Viehman 0-0: SINGLE (Line Drive, 9S, EV 90.6 MPH)
Batting: RHB Javier Brizuela 0-0: Sac Bunt to 13S - play at second, runner OUT! 1-6
Pinch Hitting: RHB Homer Petropoulos 0-0: Ball
1-0: 2-RUN HOME RUN (Flyball, 7D, EV 93.1 MPH), Distance : 362 ft
Batting: RHB Xin Zhang 0-0: Ball
1-0: Ball
2-0: Foul Ball, location: 2F
2-1: Foul Ball, location: 2F
2-2: Foul Ball, location: 2F
2-2: Strikes out swinging
Batting: RHB Jaquan Brown 0-0: Called Strike
0-1: Ball
1-1: Ball
2-1: TRIPLE (Line Drive, 9D, EV 105.6 MPH)
Pitching: LHP Joel Brown
Batting: RHB Dou-wan Pan 0-0: Ball
1-0: Ground out 3-1 (Groundball, 34S, EV 77.5 MPH)
Bottom of the 7th over - 2 runs, 3 hits, 0 errors, 1 left on base; Rice University 2 - Fresno State University 4
TOP OF THE 8TH
Rice University Owls batting - Pitching for Fresno State University Bulldogs : LHP Randy Latendresse
Now in LF: Andy Villarreal
Now in CF: Ricardo Sandoval
Batting: LHB Eddie Lemus 0-0: Ball
1-0: Ball
2-0: SOLO HOME RUN (Flyball, 89XD, EV 98.1 MPH), Distance : 401 ft
Batting: RHB Yu-zeng Mai 0-0: Ball
1-0: Called Strike
1-1: Ball
2-1: SINGLE (Groundball, 56D, EV 97.5 MPH)
Batting: RHB Adrian Quilantan 0-0: Fly out, F7 (Flyball, 7, EV 80.6 MPH)
Batting: RHB Fred Saxton 0-0: Ball
1-0: Ball
2-0: Called Strike
2-1: Ball
3-1: Base on Balls
Yu-zeng Mai to second
Batting: RHB Russ Kennett 0-0: 3-RUN HOME RUN (Line Drive, 7LD, EV 93.8 MPH), Distance : 344 ft
Pitching: LHP Dan Luckhardt
Batting: SHB Roderick Speed 0-0: Called Strike
0-1: Foul Ball, location: 2F
0-2: Strikes out swinging
Batting: RHB Carlos Saldivar 0-0: Called Strike
0-1: Ball
1-1: Fly out, F7 (Flyball, 78M, EV 84.4 MPH)
Top of the 8th over - 4 runs, 3 hits, 0 errors, 0 left on base; Rice University 6 - Fresno State University 4
BOTTOM OF THE 8TH
Fresno State University Bulldogs batting - Pitching for Rice University Owls : LHP Joel Brown
Batting: RHB John Carpenter 0-0: Ball
1-0: Swinging Strike
1-1: Foul Ball, location: 2F
1-2: Strikes out swinging
Batting: RHB Adam Angeles 0-0: Ball
1-0: Ball
2-0: Called Strike
2-1: Fly out, F7 (Line Drive, 7, EV 84.4 MPH)
Batting: RHB Pete Goerge 0-0: Called Strike
0-1: Swinging Strike
0-2: Strikes out swinging
Bottom of the 8th over - 0 runs, 0 hits, 0 errors, 0 left on base; Rice University 6 - Fresno State University 4
TOP OF THE 9TH
Rice University Owls batting - Pitching for Fresno State University Bulldogs : LHP Dan Luckhardt
Batting: RHB Alex Valadez 0-0: Ground out U3 (Groundball, 3S, EV 93.8 MPH)
Batting: SHB Yu-hsui Lew 0-0: Ball
1-0: Called Strike
1-1: SINGLE (Groundball, 34S, EV 62.5 MPH) (infield hit)
Batting: LHB Eddie Lemus 0-0: Ball
1-0: Swinging Strike
1-1: Called Strike
1-2: Strikes out swinging
Batting: RHB Yu-zeng Mai 0-0: Fielders Choice at 2nd, 6-4 (Groundball, 6, EV 76.2 MPH)
Top of the 9th over - 0 runs, 1 hit, 0 errors, 1 left on base; Rice University 6 - Fresno State University 4
BOTTOM OF THE 9TH
Fresno State University Bulldogs batting - Pitching for Rice University Owls : LHP Joel Brown
Pitching: RHP John Kerfoot
Batting: LHB Ricardo Sandoval 0-0: Called Strike
0-1: Foul Ball, location: 2F
0-2: Ball
1-2: SOLO HOME RUN (Flyball, 78XD, EV 102.5 MPH), Distance : 402 ft
Pinch Hitting: SHB Mike Fermin 0-0: Called Strike
0-1: Foul Ball, location: 2F
0-2: Strikes out swinging
Batting: RHB Andy Villarreal 0-0: Ball
1-0: Ball
2-0: Ball
3-0: Foul Ball, location: 2F
3-1: Foul Ball, location: 2F
3-2: Strikes out swinging
Batting: RHB Xin Zhang 0-0: Called Strike
0-1: SINGLE (Groundball, 56D, EV 94.4 MPH)
Batting: RHB Jaquan Brown 0-0: Ball
1-0: Swinging Strike
1-1: Called Strike
1-2: Fly out, F8 (Flyball, 8RD, EV 95.0 MPH)
Bottom of the 9th over - 1 run, 2 hits, 0 errors, 1 left on base; Rice University 6 - Fresno State University 5
Thursday, December 15th , 2022 - OOTP Baseball 23.9 Build 102